 Dungeon Crawl Stone Soup version 0.30-a0-639-g3916f1956a (webtiles) character file.

Game seed: 80701778224116129

4031 ryw the Cleaver (level 10, 0/63 HPs)
             Began as a Gargoyle Fighter on Jan 17, 2023.
             Slain by a two-headed ogre
             ... wielding a +0 giant club
              (22 damage)
             ... on level 8 of the Dungeon.
             The game lasted 00:12:02 (7205 turns).

ryw the Cleaver (Gargoyle Fighter)                  Turns: 7205, Time: 00:12:03

Health: 0/63       AC: 17    Str: 29    XL:     10   Next: 24%
Magic:  3/3        EV: 10    Int: 14    God:
Gold:   164        SH: 10    Dex: 12    Spells: 9/9 levels left

rFire   . . .      SeeInvis .    l - +10 hand axe "Xuorax" {antimagic, Fragile rPois rC+ Str+4}
rCold   + . .      Faith    .    p - +0 kite shield
rNeg    + . .      Spirit   .    o - +2 ring mail {Will+}
rPois   ∞          Reflect  .    (no helmet)
rElec   +          Harm     .    f - +0 cloak
rCorr   +          Rampage  .    (no gloves)
Will    +....                    (no boots)
Stlth   +                        (no amulet)
HPRegen 0.30/turn                q - ring "Haas" {rPois rCorr Int+6 Dex+3}
MPRegen 0.08/turn                (no ring)

@: no status effects
A: sickness immunity, AC +7, negative energy resistance 1, electricity
resistance, torment resistance 1, petrification resistance
a: no special abilities


You were on level 8 of the Dungeon.
You visited 2 branches of the dungeon, and saw 9 of its levels.

You collected 430 gold pieces.
You spent 266 gold pieces at shops.

Inventory:

Hand Weapons
 a - a +1 war axe
 l - the +10 hand axe "Xuorax" (weapon) {antimagic, Fragile rPois rC+ Str+4}
   (You found it on level 4 of the Dungeon)

   Str:       It affects your strength (+4).
   rC:        It protects you from cold.
   rPois:     It protects you from poison.
   Fragile:   It will be destroyed if unequipped.
Missiles
 e - 34 poisoned darts (quivered)
 i - 5 throwing nets
 y - 2 javelins
 A - 5 silver javelins
Armour
 b - a +0 scale mail
 c - a +0 buckler
 f - a +0 cloak (worn)
 o - a +2 ring mail of willpower (worn)
 p - a +0 kite shield (worn)
 w - the +1 leather armour of Osoanu {rPois rC+ rCorr Dex+4}
   (You found it on level 6 of the Dungeon)

   Dex:       It affects your dexterity (+4).
   rC:        It protects you from cold.
   rPois:     It protects you from poison.
   rCorr:     It protects you from acid and corrosion.
Jewellery
 g - a ring of protection from cold
 q - the ring "Haas" (left hand) {rPois rCorr Int+6 Dex+3}
   (You found it on level 4 of the Dungeon)

   [ring of intelligence]

   Int:       It affects your intelligence (+6).
   Dex:       It affects your dexterity (+3).
   rPois:     It protects you from poison.
   rCorr:     It protects you from acid and corrosion.
Wands
 j - a wand of roots (29)
 s - a wand of flame (25)
Scrolls
 h - 4 scrolls of teleportation
 k - 2 scrolls of blinking
 m - 2 scrolls of identify
 v - a scroll of butterflies
 z - a scroll of magic mapping
Potions
 d - a potion of might
 n - a potion of magic
 r - a potion of ambrosia
 u - 4 potions of curing
 B - a potion of flight
 C - a potion of haste
 D - a potion of lignification
 E - 2 potions of heal wounds


   Skills:
 + Level 7.6 Fighting
 * Level 8.3 Axes
 + Level 7.5 Armour
 - Level 3.0 Dodging
 + Level 7.6 Shields


You had 9 spell levels left.
You didn't know any spells.
Your spell library contained the following spells:

 Spells                   Type           Power      Damage    Failure   Level
 Apportation              Tloc           0%         N/A       69%         1
 Foxfire                  Conj/Fire      0%         2x1d4     69%         1
 Summon Small Mammal      Summ           0%         N/A       69%         1
 Call Canine Familiar     Summ           0%         N/A       96%         3
 Frozen Ramparts          Ice            0%         1d1       96%         3
 Summon Guardian Golem    Hex/Summ       0%         N/A       96%         3
 Ice Form                 Ice/Tmut       0%         N/A       100%        4
 Summon Ice Beast         Ice/Summ       0%         N/A       100%        4
 Alistair's Intoxication  Tmut/Pois      0%         N/A       100%        5
 Fireball                 Conj/Fire      0%         3d3       100%        5
 Summon Forest            Summ/Tloc      0%         N/A       100%        5
 Eringya's Noxious Bog    Tmut/Pois      0%         N/A       100%        6
 Starburst                Conj/Fire      0%         6d3       100%        6
 Summon Hydra             Summ           0%         N/A       100%        7


Dungeon Overview and Level Annotations

Branches:
Dungeon (8/15)             Temple (1/1) D:7
   Lair: D:8-11

Altars:
Dithmenos
Elyvilon
Fedhas
Gozag
Hepliaklqana
Kikubaaqudgha
Makhleb
Nemelex Xobeh
Okawaru
Ru
Trog
Vehumet
Wu Jian
Yredelemnul

Shops:
D:3 (   D:7 !((!

Annotations:
D:7 1 runed translucent door, Crazy Yiuf


Innate Abilities, Weirdness & Mutations

You are immune to sickness and miasma.
Your stone body is resilient. (AC +7)
You are immune to poison.
You resist negative energy. (rN+)
You are resistant to electric shocks. (rElec)
You are resistant to unholy torment.
You are immune to petrification.


Message History

The kobold brigand throws a poisoned dart.
The poisoned dart hits you.
You completely miss the two-headed ogre.
The two-headed ogre is heavily wounded.
You block the two-headed ogre's attack.
The two-headed ogre hits you with a +0 giant club!
You are too injured to fight recklessly!
You are too injured to fight recklessly!
The kobold brigand attacks as you move away!
The kobold brigand hits you with a +0 dagger.
The kobold brigand throws a poisoned dart.
You block the poisoned dart.
You slash the kobold!
You kill the kobold!
You closely miss the kobold brigand. The kobold brigand barely misses you.
The kobold brigand attacks as you move away!
The kobold brigand hits you but does no damage.
The kobold brigand throws a poisoned dart.
You block the poisoned dart.
The kobold throws a stone.
You block the stone.
You hit the kobold but do no damage.
The kobold throws a stone.
The stone closely misses you. The kobold closely misses you.
The kobold brigand attacks as you move away!
You block the kobold brigand's attack.
You miss the kobold brigand. The kobold brigand barely misses you.
The kobold throws a stone.
You block the stone.
The kobold brigand attacks as you move away!
The kobold brigand hits you with a +0 dagger.
The kobold brigand throws a poisoned dart.
The poisoned dart hits you!
You hit the kobold.
You kill the kobold!
The kobold brigand throws a poisoned dart.
The poisoned dart barely misses you. The kobold attacks as you move away!
The kobold barely misses you.
You slash the kobold!
You kill the kobold!
The two-headed ogre attacks as you move away!
You block the two-headed ogre's attack.
The two-headed ogre hits you with a +0 giant club!!
You die...

...##...)#KK........
...#......K)##.[.... ...
.........#...#
....##.....)###.####
#.....###............#.
............##..........#
.............KK..........
....##.......O..........
##...#.......@...........
.##.....†††.....#......#...
..........(............#...
.#.......................
#....................... ..
#...................# ...
#...................#
....##.................##
....#..............#.###


You could see a two-headed ogre, a kobold brigand and a kobold.

Vanquished Creatures
  Erica (D:8)
  Pikel (D:7)
  Psyche (D:7)
  A hornet (D:6)
  Grinder (D:6)
  Sigmund (D:5)
  Menkaure (D:7)
  Duvessa (D:5)
  A black bear (D:6)
  A sky beast (D:6)
  2 ogres
  2 lemures (D:7)
  A centaur (D:6)
  3 phantoms
  A kobold brigand (D:4)
  A gnoll sergeant (D:7)
  2 bullfrogs
  A scorpion (D:6)
  3 wights (D:7)
  Dowan (D:5)
  2 electric eels (D:8)
  4 howler monkeys
  A gnoll bouda (D:8)
  3 hounds
  3 orc wizards
  3 iguanas
  13 gnolls
  5 adders
  A white imp (D:5)
  A worm (D:3)
  2 dart slugs (D:4)
  11 orcs
  4 endoplasms
  3 giant cockroaches
  6 goblins
  2 hobgoblins (D:1)
  A quokka (D:1)
  9 ball pythons
  5 bats
  2 frilled lizards
  32 kobolds
  4 rats
144 creatures vanquished.

Vanquished Creatures (others)
  36 plants (D:4)
36 creatures vanquished.

Grand Total: 180 creatures vanquished

Notes
Turn   | Place    | Note
-------+----------+-------------------------------------------
     0 | D:1      | ryw the Gargoyle Fighter began the quest for the Orb.
     0 | D:1      | Reached XP level 1. HP: 14/14 MP: 1/1
   133 | D:1      | Reached skill level 2 in Axes
   285 | D:1      | Reached XP level 2. HP: 19/19 MP: 2/2
   811 | D:1      | Reached XP level 3. HP: 23/23 MP: 3/3
  1163 | D:2      | Reached XP level 4. HP: 24/29 MP: 4/4
  1978 | D:3      | Found Haad's Weapon Shop.
  2649 | D:4      | Reached skill level 3 in Axes
  2649 | D:4      | Reached XP level 5. HP: 23/33 MP: 5/5
  2717 | D:4      | Noticed a phantom
  2720 | D:4      | Identified the +10 hand axe "Xuorax" {antimagic, Fragile
                  | rPois rC+ Str+4}
  2739 | D:4      | Killed a phantom
  2779 | D:4      | Reached XP level 6. HP: 37/39 MP: 2/6
  2911 | D:4      | Identified the ring "Haas" {rPois rCorr Int+6 Dex+3}
  3101 | D:4      | Reached skill level 4 in Axes
  3152 | D:4      | Reached XP level 7. HP: 42/44 MP: 2/7
  3667 | D:5      | Entered Level 5 of the Dungeon
  3816 | D:5      | Noticed Duvessa
  3910 | D:5      | Killed Duvessa
  3911 | D:5      | Reached skill level 5 in Fighting
  3911 | D:5      | Reached skill level 5 in Armour
  3911 | D:5      | Reached skill level 5 in Shields
  3923 | D:5      | Noticed Dowan
  3962 | D:5      | Killed Dowan
  4041 | D:5      | Reached skill level 5 in Axes
  4075 | D:5      | Noticed Sigmund
  4082 | D:5      | Killed Sigmund
  4083 | D:5      | Reached XP level 8. HP: 45/49 MP: 2/8
  4404 | D:6      | Noticed a hornet
  4421 | D:6      | Killed a hornet
  4824 | D:6      | Reached skill level 6 in Axes
  4908 | D:6      | Reached skill level 1 in Dodging
  4942 | D:6      | Identified the +1 leather armour of Osoanu {rPois rC+ rCorr
                  | Dex+4}
  4957 | D:6      | Reached XP level 9. HP: 55/55 MP: 3/9
  5309 | D:6      | Noticed Grinder
  5312 | D:6      | Paralysed by Grinder for 4 turns
  5321 | D:6      | Killed Grinder
  5441 | D:7      | Found Ateibid's Weapon Shop.
  5522 | D:7      | Found Cotol's Weapon Shop.
  5577 | D:7      | Found a staircase to the Ecumenical Temple.
  5589 | Temple   | Entered the Ecumenical Temple
  5693 | D:7      | Reached skill level 7 in Axes
  6060 | D:7      | Noticed Menkaure
  6068 | D:7      | Killed Menkaure
  6080 | D:7      | Noticed Pikel
  6095 | D:7      | Killed Pikel
  6273 | D:7      | Found Fuuf's General Store.
  6297 | D:7      | Found Nuez Usmoko's Distillery.
  6306 | D:7      | Bought a potion of curing for 42 gold pieces
  6306 | D:7      | Bought a potion of curing for 42 gold pieces
  6306 | D:7      | Bought a potion of haste for 140 gold pieces
  6306 | D:7      | Bought a potion of lignification for 42 gold pieces
  6431 | D:7      | Found a runed translucent door.
  6432 | D:7      | Noticed Crazy Yiuf
  6478 | D:7      | Found Hittaapri's Distillery.
  6649 | D:8      | Noticed Psyche
  6660 | D:7      | Paralysed by something for 5 turns
  6805 | D:7      | Killed Psyche
  6875 | D:8      | Noticed Erica
  7005 | D:8      | Killed Erica
  7006 | D:8      | Reached skill level 8 in Axes
  7006 | D:8      | Reached XP level 10. HP: 23/63 MP: 3/10
  7178 | D:8      | Noticed a two-headed ogre
  7205 | D:8      | Slain by a two-headed ogre

Illustrated notes

Levels and vault maps discovered:
D:1:      nicolae_arrival_somewhat_less_tricky_arrival, layout_basic
D:2:      layout_basic
D:3:      layout_basic, serial_shops, nicolae_shop_hallway_plus
D:4:      kennysheep_kobold_camp, layout_loops_cross, amcnicky_mini_pool_small
D:5:      layout_basic, uniq_duvessa, uniq_sigmund
D:6:      layout_loops_corners, uniq_grinder
D:7:      layout_loops_cross, minmay_temple_entry_sparse_star, serial_shops,
          nicolae_shop_hallway_stairs, shop_fountains, nicolae_lakefront_shop,
          nicolae_shop_bloodbath_and_beyond, kennysheep_mini, eino_curves_01,
          kennysheep_decorative_pillar, uniq_pikel, uniq_crazy_yiuf_cottage,
          uniq_menkaure
D:8:      layout_cave_pools, nicolae_overflow_two_pavilions,
          chequers_temple_overflow_statue_of_worship, uniq_erica, uniq_psyche
Temple:   nicolae_temple_great_sept

Skill      XL: |  1  2  3  4  5  6  7  8  9 |
---------------+----------------------------+-----
Axes           | 2 3 4 5 6 8 |  8.3
Fighting       | 4 5 6 7 |  7.6
Armour         | 4 5 6 7 |  7.5
Shields        | 4 5 6 7 |  7.6
Dodging        | 1 3 |  3.0

Action                   |  1- 3 |  4- 6 |  7- 9 | 10-12 || total
-------------------------+-------+-------+-------+-------++-------
Melee: War axe           |    81 |    52 |       |       ||   133
       Hand axe          |       |    46 |   253 |    33 ||   332
       Unarmed           |       |       |     3 |       ||     3
Throw: Dart              |       |       |     2 |       ||     2
       Javelin           |       |       |     2 |       ||     2
  Use: Scroll            |     1 |     6 |    10 |       ||    17
       Potion            |       |       |     1 |       ||     1
Armor: Scale mail        |    41 |    45 |    56 |       ||   142
       Skin              |       |       |     4 |       ||     4
       Ring mail         |       |       |    23 |     6 ||    29
Dodge: Dodged            |    42 |    44 |    62 |    20 ||   168
Block: Buckler           |    12 |    19 |    15 |       ||    46
       Kite shield       |       |       |    59 |    23 ||    82

Table legend: (Time is in decaauts)
 A = Elapsed time spent in this place.
 B = Non-inter-level travel time spent in this place.
 C = Inter-level travel time spent in this place.
 D = Time resting spent in this place.
 E = Time spent auto-exploring this place.
 F = Levels seen in this place.
 G = Mean time per level.
                   A        B        C        D        E       F      G
               +--------+--------+--------+--------+--------+-----+--------+
         Total |   7298 |   7023 |    275 |    981 |   4721 |   9 |  810.9 |
       Dungeon |   7214 |   6951 |    263 |    981 |   4661 |   8 |  901.8 |
        Temple |     84 |     72 |     12 |      0 |     60 |   1 |   84.0 |
               +--------+--------+--------+--------+--------+-----+--------+

Top non-repeatable levels by time:
     D:7: 1295 daAuts
     D:6: 1182 daAuts
     D:4: 1161 daAuts
     D:1: 1078 daAuts
     D:2: 788 daAuts
     D:3: 776 daAuts
     D:5: 651 daAuts
     D:8: 279 daAuts
  Temple: 84 daAuts
